Cogmind - Beta 15 @@@ ROGUE MODE // 2025.05.13 @ 20:38:20 Player: Zyalin Result: Destroyed by S-10 Pest with Light Assault Rifle Performance ------------- Evolutions (0) 0 Regions Visited (2) 400 Robots Destroyed (31) 155 Value Destroyed (671) 671 Prototype IDs (11) 220 Alien Tech Used (0) 0 Bonus (0) 0 TOTAL SCORE: 1446 Bonus ------- None Cogmind --------- Core Integrity 0/250 Matter 242/300 Energy 156/200 System Corruption 0% Temperature Cool (0) Movement Treading (260) Ox1 Location -10/Subcaves Parts ------- > --- POWER (1) -------- Subdweller Power Source > --- PROPULSION (2) --- Spiked Treads Spiked Treads > --- UTILITY (2) ------ Large Storage Unit Makeshift Kinetic Plating > --- WEAPON (2) ------- Subdweller Beam Cannon Battle Cannon > --- INVENTORY (15) --- Improved Heat Sink Disposable Heat Sink High-capacity Storage Unit Medium Matter Pod (100) Subdweller Optics Power Bank EM Pulse Gun Battle Rifle Light Cannon Ripper Peak State ------------ > --- POWER ------------ Subdweller Power Source > --- PROPULSION ------- Spiked Treads Spiked Treads > --- UTILITY ---------- Large Storage Unit Makeshift Kinetic Plating > --- WEAPON ----------- Subdweller Beam Cannon Battle Cannon > --- INVENTORY -------- Improved Heat Sink Disposable Heat Sink High-capacity Storage Unit Medium Matter Pod Subdweller Optics Power Bank EM Pulse Gun Battle Rifle Light Cannon Ripper [Rating: 17] Favorites ----------- Power Light Ion Engine Engine Light Ion Engine Propulsion Light Treads Treads Light Treads Utility Improved Terrain Scanner Device Improved Terrain Scanner Storage Large Storage Unit Protection Makeshift Kinetic Plating Weapon Light Cannon Energy Gun EM Pulse Gun Energy Cannon Subdweller Beam Cannon Ballistic Gun Light Assault Rifle Ballistic Cannon Light Cannon Special Weapon Mining Laser Build | -11 -10 -10 ------- Run | Yrd Mat Sub Slots Evolved . | . . . Power . | . . . Propulsion . | . . . Utility . | . . . Weapon . | . . . Parts Attached 23 | 7 9 7 Power 4 | 1 2 1 Engine 4 | 1 2 1 Core . | . . . Reactor . | . . . Propulsion 6 | 2 2 2 Treads 6 | 2 2 2 Leg . | . . . Wheel . | . . . Hover . | . . . Flight . | . . . Utility 5 | 2 2 1 Device 1 | 1 . . Storage 3 | 1 2 . Processor . | . . . Hackware . | . . . Protection 1 | . . 1 Artifact . | . . . Weapon 8 | 2 3 3 Energy Gun 2 | 1 1 . Energy Cannon 1 | . . 1 Ballistic Gun 1 | 1 . . Ballistic Cannon 3 | . 2 1 Launcher . | . . . Special Weapon 1 | . . 1 Impact Weapon . | . . . Slashing Weapon . | . . . Piercing Weapon . | . . . Special Melee Weapon . | . . . Unidentified Prototypes . | . . . Parts Lost 10 | . 5 5 Power 2 | . 1 1 Propulsion 2 | . 1 1 Utility 1 | . . 1 Weapon 5 | . 3 2 Highest Loss Streak 5 | . 4 5 To Critical Strikes . | . . . Average Backups 8 | 1 6 10 Power . | . . . Propulsion . | . . . Utility 3 | . 2 4 Weapon 3 | . 2 4 Tool/Special . | . . . Unused Backups 10 | . . 10 Power . | . . . Propulsion . | . . . Utility 6 | . . 6 Weapon 4 | . . 4 Tool/Special . | . . . Average Slot Usage (%) 98 | . 96 99 Engine 13 | . 13 14 Treads 27 | . 27 28 Device 14 | . 14 14 Storage 14 | . 14 14 Energy Gun 5 | . 7 3 Ballistic Gun 3 | . 9 . Ballistic Cannon 11 | . 8 13 Special Weapon 5 | . . 9 Peak Build Rating 17 | 9 10 17 Average Rating 10 | 5 9 11 On Entrance 6 | . 9 9 Naked Turns . | . . . Heaviest Build 29 | 14 29 29 Greatest Support 40 | 40 40 40 Greatest Overweight (x) . | . . . Average Overweight (x) . | . . . Largest Inventory Capacity 15 | 8 15 15 Average Capacity 12 | 7 10 15 Most Carried 15 | 3 10 15 Average Carried 8 | 1 6 10 Final Capacity 15 | 8 15 15 Final Carried 10 | 3 5 10 Class Distribution -------------------- 100% | Mutant Dominant Class ---------------- Mutant | -10/Materials Mutant | -10/Subcaves Resources | -11 -10 -10 ----------- Run | Yrd Mat Sub Matter Collected 694 | 274 330 90 Remotely . | . . . Salvage Created 820 | 91 645 84 Parts 60 | 4 45 11 Haulers Intercepted 1 | . 1 . Recyclers Shooed . | . . . Parts Field Recycled . | . . . Retrieved Matter . | . . . Parts Self-Destructed 5 | . . 5 Prevented . | . . . Kills | -11 -10 -10 ------- Run | Yrd Mat Sub Combat Hostiles Destroyed 27 | . 20 7 Guns 14 | . 14 . Cannons 10 | . 4 6 AOE 2 | . 2 . Classes Destroyed 7 | 2 4 1 Tunneler 1 | 1 . . Hauler 1 | . 1 . Recycler 1 | 1 . . Watcher 1 | . 1 . Swarmer 15 | . 9 6 Grunt 11 | . 11 . Subdweller 1 | . . 1 Best Kill Streak 5 | 2 5 3 Combat Bots Only 5 | . 5 3 Max Kills in Single Turn 2 | 1 2 1 Gunslinging 1 | . 1 . Exploded 1 | . 1 . Melee . | . . . Uniques/NPCs Destroyed . | . . . Combat | -11 -10 -10 -------- Run | Yrd Mat Sub Hostile Shots Fired 159 | . 80 79 Missed 39 | . 15 24 Hits 120 | . 65 55 Projectile 120 | . 65 55 Critical Strikes 1 | . 1 . Damage Taken 1412 | . 901 511 Core 256 | . 192 64 Absorbed by Shields . | . . . Ignored by Resistances 1 | . . 1 Core Remaining (%) 100 | 100 . . Volleys Fired 86 | 4 51 31 Largest 2 | 2 2 2 Hottest 130 | 60 70 130 Shots Fired 149 | 8 97 44 Gun 89 | 8 74 7 Cannon 55 | . 23 32 Launcher . | . . . Special 5 | . . 5 Kinetic 91 | 4 64 23 Thermal 14 | . . 14 Explosive . | . . . Electromagnetic 44 | 4 33 7 Robot Hit Streak 7 | 3 7 6 Robot Miss Streak 6 | 2 6 3 Penetration Max . | . . . Secondary Targets 1 | . 1 . Max Gunslinging Chain 1 | . 1 . Shots Hit Robots 82 | 5 59 18 Core Hits 42 | 3 32 7 Critical Kills 1 | . . 1 Critical Parts Destroyed . | . . . Critical Strikes 2 | . . 2 Meltdown 1 | . . 1 Blast 1 | . . 1 Melee Attacks . | . . . Impact . | . . . Slashing . | . . . Piercing . | . . . Sneak Attacks . | . . . Combat Hostiles . | . . . Follow-up Attacks . | . . . Damage Inflicted 1394 | 64 980 350 Guns 523 | 64 459 . Cannons 606 | . 256 350 Explosions 264 | . 264 . Melee . | . . . Ramming 1 | . 1 . Kinetic 714 | 36 444 234 Thermal 210 | . 94 116 Explosive 170 | . 170 . Electromagnetic 299 | 28 271 . Impact . | . . . Slashing . | . . . Piercing . | . . . Highest Corruption . | . . . Average Corruption . | . . . Corruption Purged . | . . . Corruption Blocked . | . . . Overload Shots . | . . . Overflow Damage 112 | . 112 . Projectiles . | . . . Explosions 112 | . 112 . Melee . | . . . Knockbacks 10 | . 7 3 Impact . | . . . Kinetic 10 | . 7 3 Secondary . | . . . Self-Inflicted Damage 305 | . 305 . Shots 5 | . 5 . Rammed 2 | . 2 . Targets Rammed 2 | . 2 . Kicked . | . . . Crushed . | . . . Highest Temperature 96 | 40 96 . Average Temperature 28 | 22 28 . Received Heat Transfer 183 | . 138 45 Siege Activations . | . . . Martial Activations . | . . . Shielding Activations . | . . . Robots Disrupted . | . . . Combat Hostiles . | . . . Robots Corrupted . | . . . Combat Hostiles . | . . . Parts Fried . | . . . Impact Corruptions . | . . . Robots Melted 1 | . . 1 Combat Hostiles 1 | . . 1 Parts Melted 2 | . . 2 Heat Transferred 298 | . 150 148 Parts Sabotaged . | . . . Parts Stolen . | . . . Parts Stripped . | . . . Power Chain Reactions 2 | . 2 . Alert | -11 -10 -10 ------- Run | Yrd Mat Sub Maximum Alert Level 1 | . 1 . Low Security (%) 29 | 100 22 . Level 1 70 | . 77 . Level 2 . | . . . Level 3 . | . . . Level 4 . | . . . Level 5 . | . . . High Security . | . . . Max Security . | . . . Peak Influence 346 | 5 346 . Initial . | . . . Average 211 | . 231 . Influence Increases 870 | 10 685 175 Destroy 0b10 Robot/C 520 | . 400 120 Destroy 0b10 Robot/NC 20 | 10 10 . Destroy Leader 104 | . 94 10 Successful Hack 12 | . 12 . Disable Machine 75 | . 75 . Destroy Structure 49 | . 49 . Lose Combat Pursuer 90 | . 45 45 Influence Decreases 823 | 10 382 431 Entered New Map 147 | . . 147 Time Decay 576 | 10 332 234 Lost Part 100 | . 50 50 Squads Dispatched 4 | . 4 . Investigation 2 | . 2 . Extermination . | . . . Reinforcement 2 | . 2 . Assault . | . . . Garrison . | . . . Intercept . | . . . Searches Triggered . | . . . Construction Impeded . | . . . Haulers Reinforced . | . . . Active Scanning Responses . | . . . Cargo Convoy Interrupts . | . . . Stealth | -11 -10 -10 --------- Run | Yrd Mat Sub Distress Signals 2 | . 2 . Communications Jammed . | . . . Distress Signals . | . . . Times Spotted 38 | . 30 8 Peak Tracking Total 6 | . 4 6 Tactical Retreats 3 | . 2 1 Traps | -11 -10 -10 ------- Run | Yrd Mat Sub Traps Triggered 2 | . 2 . Indirectly . | . . . Trap Hack Attempts . | . . . Triggered . | . . . Disarmed . | . . . Reprogrammed . | . . . Reused . | . . . Traps Extracted . | . . . Installed . | . . . Triggered . | . . . Machines | -11 -10 -10 ---------- Run | Yrd Mat Sub Machines Disabled 6 | . 5 1 Max in Single Turn 2 | . 2 1 Machines Repaired . | . . . Machines Dismantled . | . . . Machines Sabotaged . | . . . Overloaded Fab Kills . | . . . Hacking | -11 -10 -10 --------- Run | Yrd Mat Sub Machines Accessed 7 | . 4 3 Terminals 4 | . 4 . Fabricators . | . . . Repair Stations . | . . . Recycling Units . | . . . Scanalyzers . | . . . Garrison Access . | . . . Total Hacks 27 | . 15 12 Successful 19 | . 7 12 Failed 8 | . 8 . Catastrophic . | . . . Database Lockouts . | . . . Manual 8 | . 8 . Terminals 15 | . 15 . Fabricators . | . . . Repair Stations . | . . . Recycling Units . | . . . Scanalyzers . | . . . Garrison Access . | . . . Terminal Hacks 18 | . 6 12 Record 9 | . . 9 Open Door 1 | . . 1 Level Access Points 1 | . 1 . Dispatch Records 2 | . 2 . Surveillance Status 1 | . 1 . Investigation Status 1 | . 1 . Registered Components 1 | . 1 . Proto ID Catalog 1 | . . 1 Release Object 1 | . . 1 Fabricator Hacks . | . . . Repair Station Hacks . | . . . Recycling Unit Hacks . | . . . Scanalyzer . | . . . Garrison Access Hacks . | . . . Unauthorized Hacks 1 | . 1 . Terminals 1 | . 1 . Botnet 1 | . 1 . Fabricators . | . . . Repair Stations . | . . . Recycling Units . | . . . Scanalyzers . | . . . Garrison Access . | . . . Data Cores Recovered . | . . . Used . | . . . Hacking Detections 4 | . 4 . Full Trace Events 1 | . 1 . Feedback Events . | . . . Feedback Blocked . | . . . Robot Schematics Acquired . | . . . Robots Built . | . . . Authchips . | . . . Time . | . . . Total Robot Build Rating . | . . . Part Schematics Acquired . | . . . Parts Built . | . . . Authchips . | . . . Time . | . . . Total Part Build Rating . | . . . Parts Repaired . | . . . Time . | . . . Parts Recycled . | . . . Recycled Matter . | . . . Retrieved Matter . | . . . Retrieved Components . | . . . Parts Scanalyzed . | . . . Part Schematics Acquired . | . . . Parts Damaged . | . . . Bothacking | -11 -10 -10 ------------ Run | Yrd Mat Sub Used RIF Installer . | . . . Robots Hacked . | . . . Non-combat . | . . . Combat . | . . . Robot Hacks Applied . | . . . Relay Couplers Released . | . . . Fabnet Peak Effective % . | . . . Robots Rewired . | . . . Allies Hacked . | . . . Hacks Repelled . | . . . Allies | -11 -10 -10 -------- Run | Yrd Mat Sub Total Allies . | . . . Largest Group . | . . . Highest-Rated Group . | . . . Highest-Rated Ally . | . . . Total Orders . | . . . Ally Attacks . | . . . Total Damage . | . . . Kills . | . . . Allies Corrupted . | . . . Allies Melted . | . . . Intel | -11 -10 -10 ------- Run | Yrd Mat Sub Active Infowar (turns) 2090 | 11 830 1249 Terrain 2090 | 11 830 1249 Robot Analysis Total . | . . . Derelict Logs Recovered . | . . . Drone Launches . | . . . Drone Recoveries . | . . . Exploration | -11 -10 -10 ------------- Run | Yrd Mat Sub Turns Passed 2163 | 80 830 1253 Spaces Moved 1143 | 38 398 707 Core 4 | 4 . . Treads 1139 | 34 398 707 Legs . | . . . Wheels . | . . . Hover . | . . . Flight . | . . . Fastest Speed 50 | 50 160 160 Average Speed 159 | 148 160 160 Slowest Speed 160 | 160 160 160 Overloaded Moves . | . . . Propulsion Burnouts . | . . . Robots Hopped . | . . . Potential Cave-ins . | . . . Cave-ins Triggered . | . . . Exploration Rate (%) 43 | 4 93 32 Regions Visited 2 Branch Regions 1 Pre-discovered Areas 1 | . . 1 Known Exits Taken . | . . . Unknown Exits Taken 2 | 1 1 . Scrap Searched 5 | . . 5 Spaces Dug . | . . . Terrain Destroyed 55 | . 51 4 Melee . | . . . Projectile 4 | . . 4 AOE 51 | . 51 . Terrain Rammed . | . . . Walls Destroyed . | . . . Machines Disabled . | . . . Actions | -11 -10 -10 --------- Run | Yrd Mat Sub Total 1328 | 51 501 776 Wait 44 | . 27 17 Move 1141 | 37 397 707 Hop . | . . . Pick Up 18 | 3 5 10 Fast Attach 9 | 7 2 . Attach 10 | . 5 5 Detach 2 | . 2 . Swap 8 | . 5 3 Drop 7 | . 5 2 Fire 86 | 4 51 31 Melee . | . . . Ram . | . . . Kick . | . . . Crush 2 | . 2 . Escape Stasis . | . . . Rewire . | . . . Trap . | . . . Miscellaneous 1 | . . 1 Route ------- -11/Scrapyard -10/Materials (discovered 6 exits: *Mat x3 / [*Min x2] / *Sub) -10/Subcaves (discovered 1 exit: [*Mat]) History --------- Turn | Location | Event 8 | -11/Scrapyard | Discovered new exit (range 15) 81 | -11/Scrapyard | Entered Materials 314 | -10/Materials | Discovered new exit (range 14) 321 | -10/Materials | Build established: Mutant 338 | -10/Materials | Discovered new exit (range 16) 581 | -10/Materials | Derelicts attacked the area 649 | -10/Materials | Core integrity fell below 50% 657 | -10/Materials | Discovered new exit (range 11) 681 | -10/Materials | Lost 4 parts (1p1n2w) 779 | -10/Materials | Discovered new exit (range 14) 877 | -10/Materials | Identified exit to Materials 901 | -10/Materials | Discovered new exit (range 7) 911 | -10/Materials | Entered Subcaves 930 | -10/Subcaves | Learned location of Zion (-7) 930 | -10/Subcaves | Met a Zionite searching for "candidates" 1284 | -10/Subcaves | Disturbed a concealed Subdweller 1405 | -10/Subcaves | A swath of the cavern ceiling suddenly collapsed 1502 | -10/Subcaves | Released subatomizers from SUBCON Basin 1787 | -10/Subcaves | Visited 4L-MR0's lab 1804 | -10/Subcaves | Found Power Bank 2030 | -10/Subcaves | Discovered new exit (range 16) 2128 | -10/Subcaves | Core integrity fell below 20% 2164 | -10/Subcaves | Destroyed by S-10 Pest with Light Assault Rifle Last Messages --------------- 02030_ EXIT=FOUND 02064_ Dropped Sub. Beam Cannon. 02064_ Acquired Sub. Beam Cannon. 02066_ Subatomizers dissect the Sub. Beam Cannon. 02135_ S-10 Pest knocked back. 02135_ Lgt. Ion Engine destroyed. 02136_ Mining Laser destroyed. 02140_ S-10 Pest destroyed. 02146_ S-10 Pest suffers critical hit (Meltdown). 02146_ Flight Unit melted. 02149_ Lgt. Ion Engine fries itself beyond repair. 02149_ Lgt. Cannon destroyed. 02154_ Lgt. Assault Rifle fries itself beyond repair. 02156_ Lgt. Treads destroyed. 02160_ Imp. Terrain Scanner destroyed. 02162_ S-10 Pest destroyed. Map ----- +----------------------------------------------------+ | ?????????????????????????????????????????????????? | | ?????????????????????????????????????????????????? | | ?????????????????????????????????????????????????? | | ?????????????????????????????????????????????????? | | ?????????????????????????????????????????????????? | | ???????##????????????????????????????????????????? | | ???????# ???????????????????????????????????????? | | ???????# "??????????????????????????????????????? | | ???????# ??????"?""????##???????????????????????? | | ???????# #???????""""#? ??????????????????????? | | ??????## ??????? ""#? ??#???????????????????? | | ?????? #" ???#???# ## ? ????????????????????? | | ??????? #???#?## ???????????????????????? | | ??????##" ?????## ????????????????????????? | | ??????# ##??## #??##?#??????????????????? | | ???????? #### %% ### # ???????????????????? | | ????????# #?# % ??????#?????????????? | | ????????# #??# ??????????????????????? | | ????????# #???# ##??#???? ??????????????? | | #????????# #???##% ####????? ?????????????? | | #???????## ###?## % #??? ? #????????????? | | #??#?#### # ### #???????????????????? | | ?##??# # % #????????????????????? | | ?#???# ## ## ##?????? ??? ?????????? | | ?????## ## ## % ###???????????????????? | | #####?## ### ### @ ##?????? ???????????? | | # #### ##### ### #??????? ??????????? | | ## ##???###### #??????????????????? | | ##????#????#% #??????????????????? | | < ###????#???# ;#?????????????????? | | ## #?????#???# = ##???????????????? | | ### ####?????# % %%%= #??? ??????????? | | ##?# ###?## ### [s #???????????????? | | ##??# ] #??# ?### # #???????????????? | | ???##### #??## ???#; ## % #???????????????? | | ???????########???# ?????#;#? #???????????????? | | ???#??????????????# ??????##? ;#??????????????? | | ??????#????????#??##?? ??#????? ##??????????????? | | ?????????????????????#?#??????? #???????????????? | | ??????????????????????????????? ???????????????? | | ????????????????#?????????????? ???????????????? | | ????#????#????#????????????????? ????????????????? | | #????????????????????????????????????????????????? | | ?????????????????????????????????????????????????? | | ?????????????????????????????????????????????????? | | ??#??????????????????????????????????????????????? | | ??????????????????#??????????????????????????????? | | ?????#???????????????????????????????????????????? | | ?????????????????????????????????????????????????? | | ?????????????????????????????????????????????????? | +----------------------------------------------------+ Best States ------------- Heat Dissipation 25 Energy Generation 15 Energy Capacity 250 Matter Stores 300 Matter Capacity 300 Sight Range 16 Terrain Scan Range 16 Terrain Scan Density 10 Evasion (%) 40 Recoil Reduction 2 Item Schematics ----------------- None Robot Schematics ------------------ None Fabricated ------------ Nothing Repaired ---------- Nothing Alien Tech Used ----------------- None Achievements -------------- None Challenges ------------ None Game ------ Seed ControlPropulsionBallwheel Manual? 0 Play Time 00:14:39 Cumulative 407.2 hours Start 2025.05.13 @ 20:24:13 End 2025.05.13 @ 20:38:20 Sessions 1 Manual Loads 0 Difficulty Rogue Special Mode None Game No. 279 Rogue 271 Adventurer 2 Explorer 6 Win Type - Total 39 Types 29/3/4/2/1/0/0/0/0/0 Lore% 67 Gallery% 73 Achievement% 87 Wizard Run 0 Options --------- Layout 2 ASCII 0 Keyboard 0 Movement Numpad Keybinds 0 Fullscreen 1 Font 48/Smallcaps Map View 50x44 Zoom Use 0% Tactical HUD 1 Map Filters NONE Filters NONE Steam 1 RUN: fab1dbf8-d0f1-40ac-b52b-9143a15e6e54